 Dungeon Crawl Stone Soup version 0.27-a0-416-gca2cecf3c0 (webtiles) character file.

Game seed: 9549270085544004085

37 dickylongcocking the Poker (level 3, -3/29 HPs)
             Began as a Merfolk Monk on Feb 25, 2021.
             Killed from afar by Sigmund (12 damage)
             ... with a puff of flame
             ... on level 2 of the Dungeon.
             The game lasted 00:01:14 (1486 turns).

dickylongcocking the Poker (Merfolk Monk)           Turns: 1486, Time: 00:01:14

Health: -3/29      AC:  3    Str:  9    XL:     3   Next: 41%
Magic:  2/2        EV: 14    Int:  7    God:
Gold:   55         SH:  0    Dex: 17    Spells: 2/2 levels left

rFire    . . .     SeeInvis .   a - +0 spear
rCold    . . .     Faith    +   (no shield)
rNeg     . . .     Spirit   .   b - +1 robe
rPois    .         Reflect  .   (helmet restricted)
rElec    .         Harm     .   (no cloak)
rCorr    .         Rampage  .   (no gloves)
Will     .....                  (no boots)
Stlth    ++........             e - amulet of faith
HPRegen  0.09/turn              (no ring)
MPRegen  0.08/turn              (no ring)

@: about to teleport
A: change form in water, swift swim, stealthy swim, beak, dopey 1, low mp 1,
weak 1
a: no special abilities


You were on level 2 of the Dungeon.
You visited 1 branch of the dungeon, and saw 2 of its levels.

You collected 55 gold pieces.

Inventory:

Hand Weapons
 a - a +0 spear (weapon)
Armour
 b - a +1 robe (worn)
Jewellery
 e - an amulet of faith (around neck)
 h - a ring of protection from fire
Scrolls
 c - a scroll of teleportation
 d - a scroll of enchant armour


   Skills:
 - Level 3.2 Fighting
 * Level 6.2 Polearms
 * Level 4.2 Dodging
 - Level 2.1 Stealth


You had 2 spell levels left.
You didn't know any spells.
Your spell library was empty.

Dungeon Overview and Level Annotations

Branches:
Dungeon (2/15)

Altars:

Annotations:
D:2 Sigmund


Innate Abilities, Weirdness & Mutations

You revert to your normal form in water.
You are very nimble and swift while swimming.
You are very stealthy in the water. (Stealth+)
You have a beak for a mouth.
You are dopey. (Int -2)
Your magical capacity is low. (-10% MP)
You are weak. (Str -2)


Message History

The helpless rat fails to defend itself.
You puncture the rat!
You kill the rat!
No target in view!
Unknown command.
You start resting.
You feel sick. x3
You are no longer poisoned.
You start resting.
HP restored.
There is an open door here.
Sigmund shouts!
Sigmund is nearby!
Sigmund is nearby!
Sigmund is nearby!
Sigmund gestures at himself while chanting.
Sigmund flickers and vanishes!
Deactivating autopickup; reactivate with Ctrl-A.
There is a strange disturbance nearby!
No target in view!
No target in view!
Unknown command.
It was a potion of mutation.
You feel extremely strange.
You feel less energetic.
You feel weaker.
You feel stupid.
Your mouth lengthens and hardens into a beak!
Something hits you!
Okay, then.
You aren't carrying any potions.
Unknown command.
As you read the scroll labelled OGIENK DEUS, it crumbles to dust.
It is a scroll of enchant armour.
Your +0 robe glows green for a moment.
Something hits you!
As you read the scroll labelled JAEFFU YLLAAW, it crumbles to dust.
It is a scroll of identify.
c - 2 scrolls of teleportation
Okay, then.
As you read the scroll of teleportation, it crumbles to dust.
You feel strangely unstable. Something hits you.
A puff of flame appears from out of thin air!
The puff of flame hits you!
You die...

##...## #.P#..8##
.###.....###8.#P...#
.........)##..'...⌠# .
.........##..#....# .
#...(...#.P.#...## .#
##....{##...#♣..# ..
#.##...........#####
#.###.##...........#####
#..##.........##@P.#...#
##.##.#.†.†...##.P.#8..##
......###.(..!.##..#P.P.#
.............#..#....._.#
.......?........#..#PPP♣#
.....).........##..#...#
####...........###.#.♣♣#
#.............#.###
#)..........#####


There were no monsters in sight!

Vanquished Creatures
  An adder (D:2)
  2 oozes
  An orc (D:2)
  3 bats
  4 hobgoblins (D:1)
  A frilled lizard (D:1)
  2 goblins
  A kobold (D:2)
  8 rats
23 creatures vanquished.

Vanquished Creatures (others)
  A plant (D:2)
1 creature vanquished.

Grand Total: 24 creatures vanquished

Notes
Turn   | Place    | Note
-------+----------+-------------------------------------------
     0 | D:1      | dickylongcocking the Merfolk Monk began the quest for the
                  | Orb.
     0 | D:1      | Reached XP level 1. HP: 18/18 MP: 1/1
   359 | D:1      | Reached skill level 5 in Polearms
   435 | D:1      | Reached XP level 2. HP: 24/24 MP: 2/2
   962 | D:2      | Noticed Sigmund
  1246 | D:2      | Reached skill level 6 in Polearms
  1246 | D:2      | Reached XP level 3. HP: 24/29 MP: 3/3
  1335 | D:2      | Found a faded altar of an unknown god.
  1481 | D:2      | Gained mutation: Your magical capacity is low. (-10% MP)
                  | [potion of mutation]
  1481 | D:2      | Gained mutation: You are weak. (Str -2) [potion of
                  | mutation]
  1481 | D:2      | Gained mutation: You are dopey. (Int -2) [potion of
                  | mutation]
  1481 | D:2      | Gained mutation: You have a beak for a mouth. [potion of
                  | mutation]
  1486 | D:2      | Killed from afar by Sigmund

Illustrated notes

Levels and vault maps discovered:
D:1:      dpeg_arrival_round_a, layout_basic
D:2:      wander_river, layout_rooms, chequers_ecumenical_altar_lobes,
          uniq_sigmund

Skill      XL: |  1  2 |
---------------+-------+-----
Polearms       | 5 6 |  6.2
Fighting       | |  3.2
Dodging        | |  4.2
Stealth        | |  2.1

Action                   || total
-------------------------++-------
Melee: Spear             ||    77
  Use: Scroll            ||     3
       Potion            ||     1
 Stab: Sleeping          ||     5
Armor: Robe              ||     6
Dodge: Dodged            ||    31

Table legend: (Time is in decaauts)
 A = Elapsed time spent in this place.
 B = Non-inter-level travel time spent in this place.
 C = Inter-level travel time spent in this place.
 D = Time resting spent in this place.
 E = Time spent auto-exploring this place.
 F = Levels seen in this place.
 G = Mean time per level.
                   A        B        C        D        E       F      G
               +--------+--------+--------+--------+--------+-----+--------+
         Total |   1474 |   1401 |     73 |    276 |    921 |   2 |  737.0 |
       Dungeon |   1474 |   1401 |     73 |    276 |    921 |   2 |  737.0 |
               +--------+--------+--------+--------+--------+-----+--------+

Top non-repeatable levels by time:
     D:1: 1183 daAuts
     D:2: 291 daAuts
